 Dungeon Crawl Stone Soup version 0.27-a0-3-gcf006a40f5 (webtiles) character file.

Game seed: 9739646002284388805

74 teolandon225 the Sneak (level 4, -8/21 HPs)
             Began as a Spriggan Enchanter on Jan 1, 2021.
             Was an Initiate of Dithmenos.
             Mangled by a gnoll
             ... wielding a +0 halberd
              (11 damage)
             ... on level 1 of the Dungeon.
             The game lasted 00:10:28 (2483 turns).

teolandon225 the Sneak (Spriggan Enchanter)         Turns: 2483, Time: 00:10:28

Health: -8/21      AC:  2    Str:  4    XL:     4   Next: 9%
Magic:  2/9        EV: 19    Int: 16    God:    Dithmenos [......]
Gold:   66         SH:  0    Dex: 17    Spells: 3/9 levels left

rFire    . . .     SeeInvis +   g - +2 dagger (drain)
rCold    . . .     Faith    .   (shield restricted)
rNeg     . . .     Spirit   .   b - +0 robe
rPois    .         Reflect  .   (helmet restricted)
rElec    .         Harm     .   (no cloak)
rCorr    .         Rampage  .   (gloves unavailable)
Will     .....                  (boots unavailable)
Stlth    +++.......             (no amulet)
HPRegen  0.07/turn              (no ring)
MPRegen  0.11/turn              (no ring)

@: very quick
A: very small, unfitting armour, see invisible, speed 3
a: Renounce Religion


You were on level 1 of the Dungeon.
You worshipped Dithmenos.
Dithmenos was noncommittal.
You visited 1 branch of the dungeon, and saw 2 of its levels.

You collected 66 gold pieces.

Inventory:

Hand Weapons
 a - a +1 dagger
 g - a +2 dagger of draining (weapon)
Armour
 b - a +0 robe (worn)
Jewellery
 c - an uncursed ring of fire {unknown}
 h - an uncursed ring of flight {unknown}
 j - an uncursed ring of fire {unknown}
 m - a +6 ring of intelligence {unknown}
Wands
 r - a wand of random effects (12)
Scrolls
 p - a scroll of enchant weapon {unknown}
Potions
 d - a potion of heal wounds {unknown}
 e - a potion of brilliance {unknown}
 f - 2 potions of curing {unknown}
 k - 2 potions of invisibility {unknown}
 l - a potion of haste {unknown}
 n - a potion of lignification {unknown}
 o - a potion of mutation {unknown}
 q - a potion of degeneration {unknown}


   Skills:
 * Level 2.4 Short Blades
 + Level 3.9 Dodging
 * Level 5.4 Stealth
 + Level 3.1 Spellcasting
 + Level 4.0 Hexes


You had 3 spell levels left.
You knew the following spells:

 Your Spells              Type           Power        Failure   Level
a - Corona                Hex            16%          3%          1
b - Ensorcelled Hibernat  Hex/Ice        16%          12%         2
c - Confusing Touch       Hex            15%          11%         3

Your spell library contained the following spells:

 Spells                   Type           Power        Failure   Level
 Tukima's Dance           Hex            15%          11%         3
 Dazzling Flash           Conj/Hex       16%          24%         3


Dungeon Overview and Level Annotations

Branches:
Dungeon (2/15)

Altars:
Dithmenos
Qazlal
Vehumet


Innate Abilities, Weirdness & Mutations

You are very small and have problems with some larger weapons.
You are too small for most types of armour.
You have supernaturally acute eyesight. (SInv)
You cover ground extremely quickly.


Message History

You see here a dagger.
You see here a dagger.
The gnoll barely misses you. The gnoll closely misses you.
The gnoll hits you with a +0 flail.
There is a stone staircase leading up, spattered with blood here.
The gnoll completely misses you.
You climb upwards.
There is a stone staircase leading down here.
As you read the scroll labelled SUNYOF FUEMOQ, it crumbles to dust.
It is a scroll of amnesia.
Really abort (and waste the scroll)?
Uppercase [Y]es or [N]o only, please.
Really abort (and waste the scroll)?
Okay, then.
The gnoll hits you with a +0 flail!
* * * LOW HITPOINT WARNING * * *
The gnoll completely misses you.
The gnoll hits you from afar with a +0 halberd!
Ouch! That really hurt!
You die...

(........#.###......#
#.#..####.#.#.#.#...#
.......###.#..#.....#
#..###.####.#.###..## ##### ...#
#..# ###.##...######...###
#..###..#####..#'#............##
...........#####.#...........#.##
##...##....#<.ggg#.###.#...).##..
#.......#######@##.##.##....#)##
#...#.#.# ##.######....##.#..###
#...#.#.# #....## ##.#..........
#....#).###..##.###....##.#.####
#...###......##..#.##.###.###
#....#..###.###.#.###.# #.#
#.....#.# #.###.#####.# #.#
#.......# #.........#.# #.#
#.#..†#########.###.#.# #.#


You could see 3 gnolls.

Vanquished Creatures
  Robin (D:2)
  A worm (D:2)
  4 dart slugs
  A leopard gecko (D:1)
  A giant cockroach (D:2)
  13 goblins
  7 hobgoblins
  A jackal (D:1)
  8 kobolds
  8 bats
  3 rats
48 creatures vanquished.

Vanquished Creatures (others)
  7 plants (D:1)
7 creatures vanquished.

Grand Total: 55 creatures vanquished

Notes
Turn   | Place    | Note
-------+----------+-------------------------------------------
     0 | D:1      | teolandon225 the Spriggan Enchanter began the quest for the
                  | Orb.
     0 | D:1      | Reached XP level 1. HP: 9/9 MP: 5/5
   124 | D:1      | Reached XP level 2. HP: 4/13 MP: 6/6
   128 | D:1      | Learned a level 2 spell: Ensorcelled Hibernation
   793 | D:1      | Reached skill level 5 in Stealth
  1355 | D:1      | Reached XP level 3. HP: 16/16 MP: 3/8
  1769 | D:2      | Found a stormy altar of Qazlal.
  1851 | D:2      | Found a radiant altar of Vehumet.
  1863 | D:2      | Found a shadowy altar of Dithmenos.
  1876 | D:2      | Became a worshipper of Dithmenos the Shadowed
  2076 | D:2      | Learned a level 3 spell: Confusing Touch
  2207 | D:2      | Noticed Robin
  2264 | D:2      | Killed Robin
  2265 | D:2      | Reached XP level 4. HP: 19/21 MP: 3/9
  2483 | D:1      | Mangled by a gnoll

Illustrated notes

Levels and vault maps discovered:
D:1:      amcnicky_arrival_choice, layout_loops_ring, roderic_filled_cross,
          serial_bayou_ford_a
D:2:      layout_loops_corners, grunt_temple_overflow_open,
          nicolae_overflow_crystal_walls, uniq_robin

Skill      XL: |  1  2  3  4 |
---------------+-------------+-----
Stealth        | 5 |  5.4
Spellcasting   | 3 |  3.1
Short Blades   | 2 |  2.4
Hexes          | 4 |  4.0
Dodging        | |  3.9

Action                   |  1- 3 |  4- 6 || total
-------------------------+-------+-------++-------
Melee: Dagger            |   150 |    12 ||   162
 Cast: Corona            |     8 |       ||     8
       Ensorcelled Hiber |    25 |     9 ||    34
  Use: Scroll            |     3 |     1 ||     4
 Stab: Sleeping          |    18 |     2 ||    20
Armor: Robe              |    21 |       ||    21
Dodge: Dodged            |   143 |    18 ||   161

Table legend: (Time is in decaauts)
 A = Elapsed time spent in this place.
 B = Non-inter-level travel time spent in this place.
 C = Inter-level travel time spent in this place.
 D = Time resting spent in this place.
 E = Time spent auto-exploring this place.
 F = Levels seen in this place.
 G = Mean time per level.
                   A        B        C        D        E       F      G
               +--------+--------+--------+--------+--------+-----+--------+
         Total |   1861 |   1841 |     20 |     71 |    940 |   2 |  930.5 |
       Dungeon |   1861 |   1841 |     20 |     71 |    940 |   2 |  930.5 |
               +--------+--------+--------+--------+--------+-----+--------+

Top non-repeatable levels by time:
     D:1: 1379 daAuts
     D:2: 482 daAuts
